 Dungeon Crawl Stone Soup version 0.31-a0-210-gccc998df9b (webtiles) character file.

Game seed: 11352331407635000611

1607 qw the Cleaver (level 8, 0/51 HPs)
             Began as a Gargoyle Fighter on June 29, 2023.
             Slain by Prince Ribbit (13 damage)
             ... on level 5 of the Dungeon.
             The game lasted 00:02:43 (4550 turns).

qw the Cleaver (Gargoyle Fighter)                   Turns: 4550, Time: 00:02:44

Health: 0/51       AC: 22    Str: 25    XL:     8   Next: 95%
Magic:  8/8        EV:  4    Int:  9    God:
Gold:   1053       SH:  4    Dex:  9    Spells: 7/7 levels left

rFire   + . .        Y - +1 war axe
rCold   + . .        c - +0 buckler
rNeg    + . .        t - +0 gold dragon scales of the Cartwright {rPois rF+ rC+ Str+3}
rPois   inf          (no helmet)
rElec   +            k - +0 cloak
rCorr   .            (no gloves)
SInv    .            (no boots)
Will    .....        (no amulet) Stlth
                     (no ring)
HPRegen 0.28/turn    (no ring)
MPRegen 0.11/turn

%: no passive effects
@: no status effects
A: sickness immunity, AC +5, negative energy resistance 1, electricity
resistance, torment resistance 1, petrification resistance, hooves 1, mutation
resistance 1
a: no special abilities


You were on level 5 of the Dungeon.
You visited 1 branch of the dungeon, and saw 5 of its levels.
You also visited: Sewer and Ossuary.

You collected 1053 gold pieces.


Innate Abilities, Weirdness & Mutations

You are immune to sickness and miasma.
Your stone body is resilient. (AC +5)
You are immune to poison.
You resist negative energy. (rN+)
You are resistant to electric shocks. (rElec)
You are resistant to unholy torment.
You are immune to petrification.
You have large cloven feet.
You are somewhat resistant to further mutation.


   Skills:
 - Level 6.0 Fighting
 + Level 8.0 Axes
 - Level 6.0 Armour
 - Level 1.4 Dodging
 - Level 3.2 Shields


You had 7 spell levels left.
You didn't know any spells.
Your spell library was empty.

Inventory:

Hand Weapons
 p - a +1 mace of holy wrath
 Y - a +1 war axe (weapon)
Armour
 c - a +0 buckler (worn)
 k - a +0 cloak (worn)
 t - the +0 gold dragon scales of the Cartwright (worn) {rPois rF+ rC+ Str+3}
   (You acquired it in an ossuary)

   Str:       It affects your strength (+3).
   rF:        It protects you from fire.
   rC:        It protects you from cold.
   rPois:     It protects you from poison.
Scrolls
 b - 2 scrolls of teleportation
 o - a scroll of identify
Potions
 a - a potion of attraction
 d - 3 potions of might
 e - a potion of enlightenment
 f - a potion of lignification
 h - a potion of heal wounds
 i - 2 potions of mutation
 j - a potion of haste
 l - a potion of cancellation {unknown}
 n - 3 potions of curing
 r - a potion of berserk rage {unknown}

Dungeon Overview and Level Annotations

Branches:
Dungeon (5/15)              Sewer (visited)         Ossuary (visited)
 Temple: D:4-7

Altars:
Qazlal

Annotations:
D:5 Prince Ribbit


Message History

You closely miss Prince Ribbit. You miss the hound.
Prince Ribbit hits you but does no damage.
The hound barely misses you.
Prince Ribbit blinks!
You completely miss the hound.
The hound is heavily wounded.
The hound bites you. The hound bites you but does no damage.
You closely miss the hound.
The hound is heavily wounded.
You block the hound's attack. You block Prince Ribbit's attack.
The hound bites you but does no damage.
You slash the hound!
You kill the hound!
You slash Prince Ribbit!
Prince Ribbit hits you but does no damage. x2
Your Fighting skill increases to level 6!
You hit Prince Ribbit. Your kick misses Prince Ribbit.
Prince Ribbit is moderately wounded.
You barely miss the ufetubus. The ufetubus barely misses you.
You block the ufetubus's attack. The ufetubus hits you.
The ufetubus barely misses you.
Prince Ribbit blinks!
You slash the ufetubus!
You kill the ufetubus!
You slash Prince Ribbit! Your kick misses Prince Ribbit.
Prince Ribbit is heavily wounded.
Prince Ribbit hits you but does no damage.
You hit Prince Ribbit.
Prince Ribbit is heavily wounded.
Prince Ribbit hits you.
Prince Ribbit hits you but does no damage.
You hit Prince Ribbit.
Prince Ribbit is severely wounded.
You block Prince Ribbit's attack.
You barely miss Prince Ribbit. Your kick misses Prince Ribbit.
Prince Ribbit is heavily wounded.
Prince Ribbit hits you.
Prince Ribbit hits you but does no damage.
You slash Prince Ribbit! Your kick misses Prince Ribbit.
Prince Ribbit is almost dead.
Prince Ribbit hits you! x2
You die...

#..#.# #..#.#
## .....# ###
...
#....##..$
....
##.<.....#
..\..#......#
......%$....#
#@.#..#.#
#F.<....#
.......#..#.#
#####.......#
......#.##
..#..#...#
...##..###.#
### #..# .#
#..


You could see Prince Ribbit.

Vanquished Creatures
  Menkaure (Ossuary)
  2 ogres (D:4)
  An elf zombie (Ossuary)
  7 kobold brigands (Sewer)
  A scorpion (D:4)
  3 centaur zombies (Ossuary)
  A quasit (D:5)
  2 hounds
  3 orc priests (D:4)
  2 sleepcaps
  Ijyb (D:3)
  An orc wizard (D:4)
  2 ogre zombies (Ossuary)
  6 mummies (Ossuary)
  7 adders
  A river rat (D:3)
  A shadow imp (D:5)
  A white imp (D:5)
  2 ufetubi (D:5)
  5 adder zombies (Ossuary)
  2 worms (Sewer)
  A dart slug (D:2)
  3 orcs (D:4)
  10 ball pythons
  13 endoplasms
  3 giant cockroaches
  4 goblins
  5 hobgoblins
  9 kobolds
  5 quokkas
  6 bats
  6 frilled lizards
  3 hobgoblin zombies (Ossuary)
  5 kobold zombies (Ossuary)
  5 quokka zombies (Ossuary)
  8 rats
  8 rat zombies
146 creatures vanquished.

Notes
Turn   | Place    | Note
-------+----------+-------------------------------------------
     0 | D:1      | qw the Gargoyle Fighter began the quest for the Orb.
     0 | D:1      | Reached XP level 1. HP: 14/14 MP: 1/1
     0 | D:1      | 0 ||| qw: Version: 0.3-a-24-ga2abf7b
     0 | D:1      | 0 ||| qw: Game counter: 6979
     0 | D:1      | 0 ||| qw: Melee chars always use a shield: true
     0 | D:1      | 0 ||| qw: God list: Okawaru
     0 | D:1      | 0 ||| qw: Allow faded altars: false
     0 | D:1      | 0 ||| qw: Do Orc after clearing Dungeon:15 true
     0 | D:1      | 0 ||| qw: Do second Lair branch before Depths: true
     0 | D:1      | 0 ||| qw: Lair rune preference: random
     0 | D:1      | 0 ||| qw: Goals: Normal, Zot:1-4, Slime:5, God:TSO, Crypt,
                  | Tomb, Abyss, Pan, Hells, Win
     0 | D:1      | 0 ||| PLANNING D:1-11
   132 | D:1      | Reached skill level 2 in Axes
   238 | D:1      | 238 ||| Stepping ~*~*~tactically~*~*~ (stealth).
   251 | D:1      | 251 ||| Stepping ~*~*~tactically~*~*~ (stealth).
   257 | D:1      | 257 ||| Stepping ~*~*~tactically~*~*~ (stealth).
   259 | D:1      | 259 ||| Stepping ~*~*~tactically~*~*~ (stealth).
   265 | D:1      | Reached XP level 2. HP: 19/19 MP: 2/2
   382 | D:1      | 382 ||| Stepping ~*~*~tactically~*~*~ (stealth).
   561 | D:1      | 561 ||| Stepping ~*~*~tactically~*~*~ (water).
   773 | D:1      | 773 ||| UPGRADING to +0 cloak.
   778 | D:1      | 778 ||| READING scroll labelled GUJOWN PANTEWYAL.
   783 | D:1      | 783 ||| READING scroll labelled FOTI XOCUOJU.
   784 | D:1      | 784 ||| READING scroll labelled ZEEQUA UKLE.
   785 | D:1      | 785 ||| READING scroll labelled ZILUBR HICH.
   786 | D:1      | 786 ||| DRINKING 2 fuming orange potions.
   858 | D:2      | Reached skill level 3 in Axes
   945 | D:2      | Reached XP level 3. HP: 23/23 MP: 3/3
  1295 | D:2      | 1295 ||| DROPPING +0 club.
  1557 | D:2      | 1557 ||| UPGRADING to +0 chain mail.
  1567 | D:2      | 1567 ||| DROPPING +0 scale mail.
  1568 | D:2      | 1568 ||| READING scroll labelled QEFURI OKELO.
  1569 | D:2      | 1569 ||| READING scroll labelled TAFIHOHICE.
  1569 | D:2      | Identified a scroll of acquirement
  1569 | D:2      | 1569 ||| ACQUIRING 784 gold pieces
  1569 | D:2      | Acquired 784 gold pieces
  1571 | D:2      | 1571 ||| READING 2 scrolls labelled JIUGHE EPHA.
  1572 | D:2      | 1572 ||| DROPPING scroll of blinking.
  1612 | D:3      | 1612 ||| PLANNING SEWER
  1821 | D:3      | Found a faded altar of an unknown god.
  1870 | D:3      | Reached XP level 4. HP: 27/28 MP: 4/4
  1881 | D:3      | 1881 ||| Stepping ~*~*~tactically~*~*~ (stealth).
  1951 | D:3      | Found a stormy altar of Qazlal.
  2015 | D:3      | Noticed Ijyb
  2024 | D:3      | Killed Ijyb
  2025 | D:3      | Reached skill level 4 in Axes
  2029 | D:3      | 2029 ||| Stepping ~*~*~tactically~*~*~ (stealth).
  2036 | D:3      | 2036 ||| Stepping ~*~*~tactically~*~*~ (stealth).
  2268 | D:3      | Found a glowing drain.
  2269 | D:3      | 2269 ||| UPGRADING to +3 chain mail of willpower.
  2279 | D:3      | 2279 ||| DROPPING +0 chain mail.
  2280 | D:3      | 2280 ||| READING scroll labelled USICAATILE.
  2281 | D:3      | 2281 ||| READING scroll labelled ECEFYR VOEGH.
  2282 | D:3      | 2282 ||| READING scroll labelled CYRIEN QURAAS.
  2283 | D:3      | 2283 ||| DRINKING 2 puce potions.
  2284 | D:3      | 2284 ||| DRINKING 2 fuming purple potions.
  2285 | D:3      | 2285 ||| DROPPING potion of degeneration.
  2289 | Sewer    | Entered a sewer
  2314 | Sewer    | Noticed a kobold brigand
  2335 | Sewer    | Killed a kobold brigand
  2336 | Sewer    | Reached skill level 5 in Axes
  2336 | Sewer    | Reached XP level 5. HP: 29/32 MP: 5/5
  2400 | Sewer    | Noticed a kobold brigand
  2413 | Sewer    | Killed a kobold brigand
  2414 | Sewer    | Reached XP level 6. HP: 34/39 MP: 6/6
  2777 | Sewer    | 2777 ||| Stepping ~*~*~tactically~*~*~ (water).
  2791 | Sewer    | Reached skill level 6 in Axes
  2791 | Sewer    | Reached XP level 7. HP: 30/44 MP: 7/7
  2843 | Sewer    | 2843 ||| DROPPING +0 whip.
  2857 | Sewer    | 2857 ||| Stepping ~*~*~tactically~*~*~ (water).
  2864 | Sewer    | Reached skill level 1 in Dodging
  3092 | Sewer    | 3092 ||| READING 3 scrolls labelled ZAHE JUNOCLUTI.
  3093 | Sewer    | 3093 ||| DROPPING 2 scrolls of butterflies.
  3115 | D:3      | 3115 ||| PLANNING D:1-11
  3155 | D:4      | 3155 ||| PLANNING OSSUARY
  3167 | D:4      | 3167 ||| STAIRDANCE
  3218 | D:4      | 3218 ||| DROPPING +3 whip.
  3255 | D:4      | 3255 ||| Stepping ~*~*~tactically~*~*~ (stealth).
  3272 | D:4      | 3272 ||| Stepping ~*~*~tactically~*~*~ (stealth).
  3273 | D:4      | 3273 ||| Stepping ~*~*~tactically~*~*~ (stealth).
  3281 | D:4      | Reached skill level 7 in Axes
  3312 | D:4      | Found a sand-covered staircase.
  3316 | D:4      | 3316 ||| READING scroll labelled IWKUBB BEPO.
  3331 | Ossuary  | Entered an ossuary
  3408 | Ossuary  | Noticed Menkaure
  3418 | Ossuary  | HP: 7/44 [mummy (8)]
  3419 | Ossuary  | 3419 ||| READING 2 scrolls of teleportation.
  3420 | Ossuary  | Killed Menkaure
  3421 | Ossuary  | Reached XP level 8. HP: 9/51 MP: 8/8
  3423 | Ossuary  | 3423 ||| READING scroll of teleportation.
  3665 | Ossuary  | 3665 ||| READING scroll of acquirement.
  3665 | Ossuary  | 3665 ||| ACQUIRING +0 gold dragon scales of the Cartwright
                  | {rPois rF+ rC+ Str+3}
  3665 | Ossuary  | Acquired the +0 gold dragon scales of the Cartwright {rPois
                  | rF+ rC+ Str+3}
  3667 | Ossuary  | 3667 ||| UPGRADING to +0 gold dragon scales of the
                  | Cartwright {rPois rF+ rC+ Str+3}.
  3677 | Ossuary  | 3677 ||| DROPPING +3 chain mail of willpower.
  3960 | Ossuary  | 3960 ||| READING scroll labelled HEMIUF DISIUX.
  3961 | Ossuary  | 3961 ||| READING scroll labelled QAC EFUORYTICS.
  3962 | Ossuary  | 3962 ||| DRINKING 2 sapphire potions.
  3963 | Ossuary  | 3963 ||| DRINKING 2 coppery potions.
  3964 | Ossuary  | 3964 ||| DRINKING 3 glowing inky potions.
  3964 | Ossuary  | Gained mutation: You are somewhat resistant to further
                  | mutation. [potion of mutation]
  3964 | Ossuary  | Gained mutation: You have large cloven feet. [potion of
                  | mutation]
  3965 | Ossuary  | 3965 ||| READING 2 scrolls of identify.
  3965 | Ossuary  | 3965 ||| IDENTIFYING black potion
  3984 | D:4      | 3984 ||| PLANNING D:1-11
  4015 | D:4      | 4015 ||| Stepping ~*~*~tactically~*~*~ (hiding).
  4046 | D:4      | Reached skill level 8 in Axes
  4153 | D:4      | 4153 ||| DROPPING +0 mace.
  4156 | D:4      | 4156 ||| Stepping ~*~*~tactically~*~*~ (stealth).
  4519 | D:4      | 4519 ||| READING scroll labelled XOXANIFOHI.
  4520 | D:4      | 4520 ||| READING 3 scrolls of identify.
  4520 | D:4      | 4520 ||| IDENTIFYING metallic inky potion
  4521 | D:4      | 4521 ||| READING 2 scrolls of identify.
  4521 | D:4      | 4521 ||| IDENTIFYING blue potion
  4522 | D:4      | 4522 ||| DROPPING potion of brilliance.
  4527 | D:5      | Entered Level 5 of the Dungeon
  4527 | D:5      | Noticed Prince Ribbit
  4528 | D:5      | 4528 ||| Stepping ~*~*~tactically~*~*~ (hiding).
  4539 | D:5      | Reached skill level 6 in Armour
  4544 | D:5      | Reached skill level 6 in Fighting
  4550 | D:5      | Slain by Prince Ribbit

Levels and vault maps discovered:
D:1:      minmay_arrival_widening_spiral_wide, layout_basic,
          nicolae_eternal_life, serial_bayou_pond_e, hangedman_decor_points
D:2:      layout_basic, nicolae_kite_square_tiling_tiny,
          small_statue_intersection, minmay_misc_feat_tiny
D:3:      layout_rooms, lemuel_coloured_pillars_altar, gup_sewer_entry_bowl,
          shapermc_ecumenical_altar_flowoftime, saegor_snake_ambush, uniq_ijyb
D:4:      layout_rooms, serial_corexii_hall, corexii_hall_statues_u,
          chequers_hall_statues_corner_a, enter_ossuary_4
D:5:      layout_rooms, mainiacjoe_overflow_surrounded_room, serial_demonic,
          serial_demonic_b, serial_demonic_d, serial_demonic_b,
          serial_demonic_b, serial_demonic_f, uniq_sigmund,
          uniq_crazy_yiuf_cottage, uniq_prince_ribbit1, uniq_grinder

Skill      XL: |  1  2  3  4  5  6  7  8 |
---------------+-------------------------+-----
Axes           | 2 3 5 6 7 8 |  8.0
Fighting       | 4 5 6 |  6.0
Dodging        | 1 |  1.4
Armour         | 6 |  6.0
Shields        | |  3.2

Action                     |  1- 3 |  4- 6 |  7- 9 || total
---------------------------+-------+-------+-------++-------
  Melee: War axe           |   107 |   125 |   258 ||   490
         Kick              |       |       |    12 ||    12
    Use: Scroll            |     7 |     3 |    11 ||    21
         Potion            |     1 |     2 |     3 ||     6
 Armour: Scale mail        |    32 |       |       ||    32
         Chain mail        |    11 |    63 |    57 ||   131
         Gold dragon scale |       |       |   122 ||   122
  Dodge: Dodged            |    52 |    45 |    73 ||   170
  Block: Buckler           |    23 |    13 |    28 ||    64

Table legend:
 A = Non-vault XP
 B = Vault XP
 C = Vault XP percentage of total XP
 D = Non-vault monster count
 E = Vault monster count
 F = Vault count percentage of total count
                 A         B        C        D         E       F
            +---------+---------+-------+---------+---------+-------
      Total |     790 |    1507 |  65.6 |      68 |      78 |  53.4
            +---------+---------+-------+---------+---------+-------
        D:1 |      29 |       0 |   0.0 |      19 |       0 |   0.0
        D:2 |      31 |       0 |   0.0 |      11 |       0 |   0.0
        D:3 |      58 |      67 |  53.6 |      15 |       6 |  28.6
        D:4 |     625 |       2 |   0.3 |      21 |       2 |   8.7
        D:5 |      47 |      83 |  63.8 |       2 |       5 |  71.4
      Sewer |       0 |     738 | 100.0 |       0 |      28 | 100.0
    Ossuary |       0 |     617 | 100.0 |       0 |      37 | 100.0
            +---------+---------+-------+---------+---------+-------
